 Dungeon Crawl Stone Soup version 0.19.1 (webtiles) character file.

74 theElss the Conjurer (level 4, 0/27 HPs)
             Began as a High Elf Conjurer on Nov 24, 2016.
             Engulfed by a cloud of flame (27 damage)
             ... on level 2 of the Dungeon.
             The game lasted 00:05:40 (1924 turns).

theElss the Conjurer (High Elf Conjurer)            Turns: 1924, Time: 00:05:41

Health: 0/27       AC:  3    Str:  7    XL:     4   Next: 10%
Magic:  9/9        EV: 13    Int: 19    God:
Gold:   39         SH:  0    Dex: 16    Spells: 2 memorised, 6 levels left

rFire  . . .     SeeInvis .     r - +0 whip (pain)
rCold  . . .     Gourm    .     a - +0 robe
rNeg   . . .     Faith    .     (no shield)
rPois  .         Spirit   .     i - +0 helmet
rElec  .         Reflect  .     (no cloak)
rCorr  .         Harm     .     (no gloves)
MR     .....                    (no boots)
Stlth  ++........               (no amulet)
                                (no ring)
                                (no ring)

@: no status effects
A: no striking features
a: no special abilities


You were on level 2 of the Dungeon.
You were not hungry.

You visited 1 branch of the dungeon, and saw 2 of its levels.

You collected 39 gold pieces.

Inventory:

Hand Weapons
 d - a +0 club
 h - a +0 mace
 r - a +0 whip of pain (weapon)
Armour
 a - a +0 robe (worn)
 i - a +0 helmet (worn)
Rods
 t - a +1 lightning rod (12/12)
   (You took it off a hobgoblin on level 2 of the Dungeon)
Scrolls
 f - 2 scrolls of identify {unknown}
 j - a scroll of fear {unknown}
 k - a scroll of remove curse {unknown}
 n - 2 scrolls of immolation {unknown}
 o - a scroll of blinking {unknown}
 q - a scroll of amnesia {unknown}
 u - a scroll of enchant armour {unknown}
Potions
 e - a potion of haste {unknown}
 v - a potion of cancellation {unknown}
Books
 b - a book of Conjurations

   Spells                             Type                      Level
   a - Magic Dart                     Conjuration                  1
   b - Searing Ray                    Conjuration                  2
   c - Dazzling Spray                 Conjuration/Hexes            3
   d - Fulminant Prism                Conjuration/Hexes            4
   e - Iskenderun's Mystic Blast      Conjuration                  4
   f - Iskenderun's Battlesphere      Conjuration/Charms           5
Comestibles
 c - a bread ration
 g - a meat ration
 l - a beef jerky
 m - a slice of pizza
 p - 4 fruits
 s - 5 chunks of flesh


   Skills:
 - Level 2.1 Dodging
 - Level 2.1 Stealth
 + Level 3.2 Spellcasting
 + Level 5.8 Conjurations


You had 6 spell levels left.
You knew the following spells:

 Your Spells              Type           Power        Failure   Level  Hunger
a - Magic Dart            Conj           ####         1%          1    None
c - Searing Ray           Conj           ####..       1%          2    ##.....


Dungeon Overview and Level Annotations

Branches:
Dungeon (2/15)

Altars:


Message History

Confirm with . or Enter, or press ? or * to list all spells.
You can't see any susceptible monsters within range! (Use Z to cast anyway.) Unknown command.
The rat bites the bush but does no damage.
The rat bites the plant.
The leopard gecko hisses menacingly.
The leopard gecko bites the plant but does no damage.
The leopard gecko bites the plant but does no damage.
The leopard gecko bites the plant.
The rat bites the bush but does no damage.
The rat bites the bush but does no damage.
The leopard gecko bites the bush.
The rat bites the bush but does no damage.
The leopard gecko bites the bush but does no damage.
The leopard gecko bites the bush but does no damage.
Really walk into that cloud of flame?
Really walk into a travel-excluded area?
You are engulfed in roaring flames.
Ouch! That really hurt!
You die... ♣♣#PP♣♣ ♣#PP.PP♣ #PP.r.P#♣ #PP.rlPP♣

#PP###PP♣
##P..÷PP♣#
♣P....)PP#
♣≈......##
♣...@...#
♣.......♣
##P.))÷.P♣#


#PPP.).PPP# #PPP#)PP♣♣# #####.###### #(#....# ####(.....# #....(....# You could
see a leopard gecko and 2 rats.

Vanquished Creatures
  2 adders (D:2)
  2 oozes (D:2)
  A dart slug (D:1)
  2 leopard geckos
  8 goblins
  7 hobgoblins
  4 jackals (D:2)
  11 kobolds
  2 bats (D:1)
  2 frilled lizards (D:1)
  2 rats (D:1)
43 creatures vanquished.

Notes
Turn   | Place    | Note
-------+----------+-------------------------------------------
     0 | D:1      | theElss the High Elf Conjurer began the quest for the Orb.
     0 | D:1      | Reached XP level 1. HP: 11/11 MP: 4/4
   202 | D:1      | Reached XP level 2. HP: 17/17 MP: 1/6
   427 | D:1      | Reached skill level 5 in Conjurations
   676 | D:1      | Learned a level 2 spell: Searing Ray
  1195 | D:2      | Reached XP level 3. HP: 21/21 MP: 2/8
  1745 | D:2      | Reached XP level 4. HP: 27/27 MP: 7/9
  1924 | D:2      | Engulfed by a cloud of flame

Skill      XL: |  1  2  3 |
---------------+----------+-----
Conjurations   | 5 |  5.8
Spellcasting   | 3 |  3.2
Dodging        | |  2.1
Stealth        | |  2.1

Action                   |  1- 3 |  4- 6 || total
-------------------------+-------+-------++-------
Melee: Club              |     1 |       ||     1
       Unarmed           |     1 |       ||     1
       Whip              |     2 |       ||     2
 Cast: Magic Dart        |    75 |     7 ||    82
       Searing Ray       |     2 |     1 ||     3
  Eat: Chunk             |     3 |       ||     3
Armor: Robe              |     2 |     1 ||     3
Dodge: Dodged            |     9 |     2 ||    11
